 Dungeon Crawl Stone Soup version 0.32-a0-571-gec57dfcd37 (webtiles) character file.

Game seed: 17411201986413385333

28 hikkokomori the Chopper (level 2, -1/26 HPs)
             Began as a Mountain Dwarf Cinder Acolyte on Mar 1, 2024.
             Was a High Priest of Ignis.
             Slain by a ball python (2 damage)
             ... on level 1 of the Dungeon.
             The game lasted 00:01:06 (290 turns).

hikkokomori the Chopper (MDCA)                       Turns: 290, Time: 00:01:06

Health: -1/26      AC:  0    Str: 16    XL:     2   Next: 96%
Magic:  4/4        EV:  1    Int: 14    God:    Ignis [*****.]
Gold:   29         SH:  0    Dex:  5    Spells: 3/3 levels left

rFire   + . .        a - -1 hand axe (flame)
rCold   . . .        (no shield)
rNeg    . . .        (no body armour)
rPois   .            (no helmet)
rElec   .            (no cloak)
rCorr   .            (no gloves)
SInv    .            (no boots)
Will    .....        (no amulet)
Stlth   +            (no ring)
HPRegen 0.24/turn    (no ring)
MPRegen 0.09/turn

%: no passive effects
@: constricted
A: runic magic, artefact enchanting
a: Renounce Religion, Fiery Armour, Foxfire Swarm, Rising Flame


You were on level 1 of the Dungeon.
You worshipped Ignis.
Ignis was extremely pleased with you.
You visited 1 branch of the dungeon, and saw 1 of its levels.

You collected 29 gold pieces.

Inventory:

Hand Weapons
 a - a -1 hand axe of flaming (weapon)
Armour
 b - a +0 robe
 d - a +0 ring mail
Scrolls
 c - a scroll of brand weapon {unknown}
 e - a scroll of teleportation {unknown}
 f - a scroll of acquirement {unknown}
 g - a scroll of identify {unknown}
 h - a scroll of noise {unknown}
 i - a scroll of enchant armour {unknown}


   Skills:
 + Level 3.6 Fighting
 + Level 4.0 Axes
 + Level 1.4 Spellcasting
 + Level 4.0 Fire Magic


You had 3 spell levels left.
You didn't know any spells.
Your spell library contained the following spells:

 Spells                   Type           Power      Damage    Failure   Level
 Scorch                   Fire           24%        2d6       7%          2


Dungeon Overview and Level Annotations

Branches:
Dungeon (1/15)

Altars:


Innate Abilities, Weirdness & Mutations

Your spellcasting is much less encumbered by armour.
You can use scrolls of enchantment on lesser artefacts.


Message History

The ball python closely misses you. The ball python barely misses you.
You hit the ball python but do no damage.
The ball python is severely wounded.
The ball python misses you. The ball python grabs you.
The ball python constricts you. The ball python bites you.
The ball python constricts you.
You barely miss the ball python.
The ball python is severely wounded.
The ball python bites you. The ball python constricts you.
You hit the ball python but do no damage.
The ball python is severely wounded.
The ball python bites you. The ball python constricts you.
* * * LOW HITPOINT WARNING * * *
You barely miss the ball python.
The ball python is severely wounded.
The ball python bites you.
* * * LOW HITPOINT WARNING * * *
The ball python constricts you. The ball python bites you.
* * * LOW HITPOINT WARNING * * *
The ball python constricts you.
* * * LOW HITPOINT WARNING * * *
You hit the ball python but do no damage.
The ball python is severely wounded.
The ball python bites you.
* * * LOW HITPOINT WARNING * * *
The ball python constricts you.
* * * LOW HITPOINT WARNING * * *
You closely miss the ball python.
The ball python is severely wounded.
The ball python bites you.
* * * LOW HITPOINT WARNING * * *
The ball python constricts you.
* * * LOW HITPOINT WARNING * * *
You don't know any spells.
Unknown command.
You closely miss the ball python.
The ball python is severely wounded.
The ball python bites you.
You die...
Ignis goes out, and joins you in death.

#..........# .#
##.######.## .. #.# #.#
... ########.# #.. ...
.......#.# #.. ..
.......#.# #.. ..
.......#.# ..#######
.......#.# .........
....>.S@.# #.#...##
.......#..# #..##...
.......#...# ##.##...
............. ##....†..
#######...##...#...†.††.
............#..##
#...#.#...####..##
..#...#. #..##
####.#####..#


You could see a ball python.

Vanquished Creatures
  3 bats (D:1)
  An endoplasm (D:1)
  A giant cockroach (D:1)
  4 hobgoblins (D:1)
  3 jackals (D:1)
  2 quokkas (D:1)
  4 ball pythons (D:1)
  2 kobolds (D:1)
  3 rats (D:1)
23 creatures vanquished.

Notes
Turn   | Place    | Note
-------+----------+-------------------------------------------
     0 | D:1      | hikkokomori the Mountain Dwarf Cinder Acolyte began the
                  | quest for the Orb.
     0 | D:1      | Reached XP level 1. HP: 19/19 MP: 2/2
    66 | D:1      | Reached XP level 2. HP: 15/26 MP: 3/3
   195 | D:1      | Found a faded altar of an unknown god.
   289 | D:1      | HP: 1/26 [constriction (1)]
   290 | D:1      | Slain by a ball python

Illustrated notes

Levels and vault maps discovered:
D:1:      pf_arrival_petrified_forest, layout_rooms, basic_ecumenical_altar

Skill      XL: |  1  2 |
---------------+-------+-----
Axes           | 4 |  4.0
Fire Magic     | 4 |  4.0
Fighting       | |  3.6
Spellcasting   | |  1.4

Action                     || total
---------------------------++-------
  Melee: Hand axe          ||    54
 Invoke: Fiery Armour      ||     1
 Armour: Robe              ||    18
         Skin              ||    26
  Dodge: Dodged            ||    51

Table legend: (Time is in decaauts)
 A = Elapsed time spent in this place.
 B = Non-inter-level travel time spent in this place.
 C = Inter-level travel time spent in this place.
 D = Time resting spent in this place.
 E = Time spent auto-exploring this place.
 F = Levels seen in this place.
 G = Mean time per level.
                   A        B        C        D        E       F      G
               +--------+--------+--------+--------+--------+-----+--------+
         Total |    295 |    295 |      0 |      0 |    176 |   1 |  295.0 |
       Dungeon |    295 |    295 |      0 |      0 |    176 |   1 |  295.0 |
               +--------+--------+--------+--------+--------+-----+--------+

Top non-repeatable levels by time:
     D:1: 295 daAuts
